 Dungeon Crawl Stone Soup version 0.24.0-37-gcf1ca852f1 (webtiles) character file.

Game seed: 7432705503916447068, levelgen mode: deterministic

139 Emblim88 the Skirmisher (level 5, -8/42 HPs)
             Began as a Demonspawn Monk on Nov 21, 2019.
             Mangled by an ogre
             ... wielding a +0 giant spiked club
              (27 damage)
             ... on level 3 of the Dungeon.
             The game lasted 00:04:24 (2372 turns).

Emblim88 the Skirmisher (Demonspawn Monk)           Turns: 2372, Time: 00:04:24

Health: -8/42      AC:  5    Str: 13    XL:     5   Next: 1%
Magic:  5/5        EV: 12    Int: 11    God:
Gold:   109        SH:  0    Dex: 15    Spells: 4/4 levels left

rFire    . . .     SeeInvis .   a - +0 mace
rCold    . . .     Gourm    .   (no shield)
rNeg     . . .     Faith    .   s - +0 ring mail
rPois    .         Spirit   .   (helmet restricted)
rElec    .         Reflect  .   (no cloak)
rCorr    .         Harm     .   (no gloves)
MR       .....                  (no boots)
Stlth    ++........             (no amulet)
HPRegen  0.14/turn              e - ring of stealth
MPRegen  0.09/turn              (no ring)

@: lethally poisoned (-8 -> -12)
A: horns 1, powered by pain 2
a: no special abilities


You were on level 3 of the Dungeon.
You were hungry.

You visited 1 branch of the dungeon, and saw 3 of its levels.

You collected 109 gold pieces.

Inventory:

Hand Weapons
 a - a +0 mace (weapon)
 r - a +0 dagger of draining
Armour
 b - a +0 robe
 s - a +0 ring mail (worn)
Jewellery
 e - a ring of stealth (left hand)
Scrolls
 d - 2 scrolls of identify {unknown}
 h - 2 scrolls of teleportation {unknown}
 i - 2 scrolls of fog {unknown}
 j - a scroll of immolation {unknown}
 l - 2 scrolls of remove curse {unknown}
 n - a scroll of magic mapping {unknown}
 o - 3 scrolls of enchant weapon {unknown}
 p - a scroll of enchant armour {unknown}
 q - a scroll of blinking {unknown}
Potions
 f - a potion of curing {unknown}
 g - a potion of brilliance {unknown}
 k - a potion of might {unknown}
 m - a potion of cancellation {unknown}
Comestibles
 c - 5 rations


   Skills:
 + Level 4.0 Fighting
 + Level 3.6 Maces & Flails
 + Level 3.6 Dodging
 - Level 2.3 Stealth


You had 4 spell levels left.
You didn't know any spells.
Your spell library was empty.

Dungeon Overview and Level Annotations

Branches:
Dungeon (3/15)

Altars:


Innate Abilities, Weirdness & Mutations

You have a pair of small horns on your head.
You sometimes gain power by taking damage.


Message History

You hit the adder.
You kill the adder!
Your Fighting skill increases to level 4!
You have reached level 5!
You feel sick. The ogre closely misses you.
You feel sick.
You feel sick.
You feel sick.
You hit the ogre.
The ogre is lightly wounded.
You feel sick. The ogre misses you.
You hit the ogre.
The ogre is moderately wounded.
You feel sick.
The ogre hits you with a +0 giant spiked club!
You hit the ogre but do no damage.
The ogre is moderately wounded.
The ogre hits you with a +0 giant spiked club!!
Ouch! That really hurt!
You die...

########## ##############
#.........
.......#.....#####.........
>?....†..O@..'.............
...!...#.....#####.........
.......#.....# #........#
.......####### #........#
....... #...(....# '#)....
#........# ......#
########## ......


You could see an ogre.

Vanquished Creatures
  Natasha (twice) (D:3)
  3 adders
  5 dart slugs
  2 leopard geckos (D:2)
  An orc (D:3)
  3 giant cockroaches
  5 goblins
  8 hobgoblins
  6 bats
  6 frilled lizards
  4 kobolds
  9 rats
54 creatures vanquished.

Notes
Turn   | Place    | Note
-------+----------+-------------------------------------------
     0 | D:1      | Emblim88 the Demonspawn Monk began the quest for the Orb.
     0 | D:1      | Reached XP level 1. HP: 18/18 MP: 1/1
   155 | D:1      | Gained mutation: You sometimes gain a little power by
                  | taking damage. [demonic ancestry]
   155 | D:1      | Reached XP level 2. HP: 24/24 MP: 2/2
   991 | D:2      | Gained mutation: You have a pair of small horns on your
                  | head. [demonic ancestry]
   991 | D:2      | Reached XP level 3. HP: 29/29 MP: 3/3
  2090 | D:3      | Noticed Natasha
  2102 | D:3      | Killed Natasha
  2102 | D:3      | Gained mutation: You sometimes gain power by taking damage.
                  | [demonic ancestry]
  2102 | D:3      | Reached XP level 4. HP: 15/37 MP: 4/4
  2343 | D:3      | Noticed Natasha
  2354 | D:3      | Killed Natasha
  2360 | D:3      | Noticed an ogre
  2365 | D:3      | Reached skill level 4 in Fighting
  2365 | D:3      | Reached XP level 5. HP: 31/42 MP: 5/5
  2372 | D:3      | Mangled by an ogre

Levels and vault maps discovered:
D:1:      minmay_arrival_radiant_lines, layout_rooms
D:2:      layout_loops_corners, first_ration
D:3:      layout_basic, chequers_garden, uniq_natasha

Skill      XL: |  1  2  3  4 |
---------------+-------------+-----
Stealth        | 2 |  2.3
Dodging        | 3 |  3.6
Maces & Flails | 3 |  3.6
Fighting       | 4 |  4.0

Action                   |  1- 3 |  4- 6 || total
-------------------------+-------+-------++-------
Melee: Mace              |   127 |    27 ||   154
       Headbutt          |     8 |     6 ||    14
  Use: Potion            |     2 |       ||     2
 Stab: Sleeping          |    14 |       ||    14
  Eat: Chunk             |     3 |     1 ||     4
Armor: Robe              |    20 |     1 ||    21
       Ring mail         |       |     3 ||     3
Dodge: Dodged            |    92 |    22 ||   114
